General information
- name: BNet
- type: Ladder team game (AT/RT)
- host: Battle.net
- saver: fineX
map: RiceFields
- players: 6
- length: 47:34
- speed: Fast
- version: 1.23 W3XP
- replay type: Public
» download(269 KB)
Players
team 1 (loser)

»
diskii (
teal | 63 APM | 2987 actions | 47:31)
4 Demon Hunter
2 Immolation
2 Evasion
» actions
| Assign group hotkey | 12 | |
| Basic commands | 176 | |
| Build / train | 67 | |
| Enter build submenu | 25 | |
| Enter hero's abilities submenu | 4 | |
| Give item / drop item | 1 | |
| Remove unit from queue | 3 | |
| Right click | 1941 | |
| Select / deselect | 677 | |
| Select group hotkey | 14 | |
| Use ability | 66 | |
2987 total
» units
| Wisp | 13 | |
| Archer | 1 | |
| Huntress | 8 | |
| Glaive Thrower | 7 | |
| Chimaera | 15 | |
44 total
» upgrades
| Ultravision | 1 | |
| Vorpal Blades | 1 | |
| Well Spring | 1 | |
| Corrosive Breath | 1 | |
| Strength of the Moon | 1 | |
| Strength of the Wild | 1 | |
6 total
» buildings
| Altar of Elders | 1 | |
| Ancient of War | 1 | |
| Moon Well | 7 | |
| Hunter's Hall | 1 | |
| Tree of Ages | 1 | |
| Ancient of Wonders | 1 | |
| Tree of Eternity | 2 | |
| Ancient of Wind | 1 | |
| Chimaera Roost | 2 | |
| Tree of Life | 2 | |
19 total
» build order
00:08 Altar of Elders
00:15 Ancient of War
00:24 Moon Well
01:57 Moon Well
02:53 Hunter's Hall
04:40 Moon Well
04:45 Tree of Ages
05:00 Moon Well
05:34 Ancient of Wonders
07:27 Tree of Eternity
10:33 Ancient of Wind
11:44 Chimaera Roost
11:48 Chimaera Roost
12:06 Moon Well
13:07 Moon Well
14:56 Moon Well
16:49 Tree of Life
22:55 Tree of Life
» items
| Scroll of Town Portal | 1 | |
| Moonstone | 3 | |
| Dust of Appearance | 1 | |
5 total

»
DwarvenSniper. (
yellow | 45 APM | 1858 actions | 40:53)
6 Blademaster
2 Wind Walk
3 Critical Strike
1 Bladestorm
» actions
| Basic commands | 22 | |
| Build / train | 87 | |
| Enter build submenu | 24 | |
| Enter hero's abilities submenu | 6 | |
| Right click | 1198 | |
| Select / deselect | 463 | |
| Use ability | 58 | |
1858 total
» units
| Peon | 14 | |
| Troll Headhunter/Berserker | 30 | |
| Demolisher | 23 | |
| Troll Witch Doctor | 2 | |
69 total
» upgrades
| Ranged Weapons | 2 | |
| Troll Regeneration | 1 | |
| Witch Doctor Training | 1 | |
| Burning Oil | 1 | |
5 total
» buildings
| Orc Burrow | 7 | |
| Altar of Storms | 1 | |
| Barracks | 1 | |
| War Mill | 1 | |
| Stronghold | 3 | |
| Voodoo Lounge | 1 | |
| Spirit Lodge | 1 | |
| Great Hall | 2 | |
| Fortress | 2 | |
19 total
» build order
00:07 Orc Burrow
00:12 Altar of Storms
00:57 Barracks
01:34 Orc Burrow
02:34 Orc Burrow
02:41 War Mill
05:03 Stronghold
05:52 Voodoo Lounge
09:17 Orc Burrow
09:20 Orc Burrow
10:33 Orc Burrow
10:58 Spirit Lodge
11:48 Orc Burrow
13:49 Great Hall
14:44 Fortress
20:44 Stronghold
23:57 Fortress
25:22 Great Hall
32:45 Stronghold

»
Herbss (
purple | 36 APM | 1693 actions | 47:18)
7 Death Knight
3 Death Coil
2 Death Pact
1 Animate Dead
1 Unholy Aura
» actions
| Assign group hotkey | 31 | |
| Build / train | 82 | |
| Enter build submenu | 23 | |
| Enter hero's abilities submenu | 7 | |
| Give item / drop item | 1 | |
| Remove unit from queue | 7 | |
| Right click | 931 | |
| Select / deselect | 329 | |
| Select group hotkey | 212 | |
| Use ability | 70 | |
1693 total
» units
| Acolyte | 8 | |
| Ghoul | 5 | |
| Crypt Fiend | 10 | |
| Frost Wyrm | 21 | |
| Gargoyle | 4 | |
48 total
» upgrades
| Creature Attack | 3 | |
| Creature Carapace | 3 | |
| Web | 1 | |
| Burrow | 1 | |
| Freezing Breath | 1 | |
9 total
» buildings
| Altar of Darkness | 1 | |
| Crypt | 1 | |
| Ziggurat | 8 | |
| Nerubian Tower | 5 | |
| Graveyard | 2 | |
| Halls of the Dead | 1 | |
| Tomb of Relics | 1 | |
| Black Citadel | 1 | |
| Sacrificial Pit | 1 | |
| Boneyard | 2 | |
| Spirit Tower | 2 | |
25 total
» build order
00:08 Altar of Darkness
00:12 Crypt
00:17 Ziggurat
01:37 Nerubian Tower
01:45 Graveyard
01:49 Graveyard
01:53 Ziggurat
04:36 Halls of the Dead
04:47 Ziggurat
05:21 Ziggurat
05:37 Tomb of Relics
06:21 Ziggurat
10:27 Black Citadel
10:32 Ziggurat
10:35 Ziggurat
11:37 Sacrificial Pit
11:57 Ziggurat
12:53 Boneyard
12:59 Boneyard
23:30 Nerubian Tower
23:31 Nerubian Tower
23:32 Nerubian Tower
23:34 Spirit Tower
23:36 Nerubian Tower
23:38 Spirit Tower
23:39 Spirit Tower
» items
team 2 (winner)
fineX (
green | 53 APM | 2510 actions | 47:34)
5 Blood Mage
3 Flame Strike
2 Banish
6 Pandaren Brewmaster
3 Breath of Fire
3 Drunken Haze
4 Paladin
2 Holy Light
2 Divine Shield
» actions
| Assign group hotkey | 47 | |
| Basic commands | 28 | |
| Build / train | 131 | |
| Enter build submenu | 60 | |
| Enter hero's abilities submenu | 15 | |
| Remove unit from queue | 2 | |
| Right click | 1108 | |
| Select / deselect | 448 | |
| Select group hotkey | 418 | |
| Use ability | 253 | |
2510 total
» units
| Peasant | 15 | |
| Priest | 1 | |
| Sorceress | 2 | |
| Mortar Team | 4 | |
| Flying Machine | 14 | |
36 total
» upgrades
| Masonry | 3 | |
| Magic Sentry | 1 | |
| Gunpowder | 3 | |
| Flare | 1 | |
| Fragmentation Shards | 1 | |
| Armor | 2 | |
| Priest Training | 2 | |
| Sorceress Training | 1 | |
| Flak Cannons | 1 | |
| Flying Machine Bombs | 1 | |
| Plating | 1 | |
17 total
» buildings
| Altar of Kings | 1 | |
| Farm | 13 | |
| Lumber Mill | 1 | |
| Arcane Vault | 2 | |
| Scout Tower | 121 | |
| Guard Tower | 34 | |
| Keep | 1 | |
| Blacksmith | 2 | |
| Arcane Sanctum | 1 | |
| Workshop | 4 | |
| Castle | 1 | |
| Town Hall | 3 | |
| Arcane Tower | 4 | |
| Gryphon Aviary | 2 | |
190 total
» build order
00:03 Altar of Kings
00:05 Farm
00:18 Lumber Mill
00:46 Farm
01:32 Arcane Vault
02:13 Scout Tower
02:14 Scout Tower
02:15 Scout Tower
02:40 Scout Tower
02:40 Scout Tower
02:41 Scout Tower
02:43 Guard Tower
03:07 Scout Tower
03:08 Guard Tower
03:42 Guard Tower
04:04 Guard Tower
04:08 Scout Tower
04:12 Scout Tower
04:12 Scout Tower
04:13 Scout Tower
04:31 Keep
04:35 Farm
04:39 Farm
05:11 Guard Tower
05:54 Farm
05:56 Farm
06:38 Blacksmith
06:46 Blacksmith
06:52 Farm
06:53 Farm
06:54 Farm
07:35 Arcane Sanctum
08:30 Scout Tower
08:31 Scout Tower
08:32 Scout Tower
08:55 Workshop
08:56 Workshop
09:02 Guard Tower
09:05 Scout Tower
09:05 Scout Tower
09:21 Castle
10:08 Guard Tower
10:14 Scout Tower
10:16 Scout Tower
10:16 Scout Tower
10:45 Guard Tower
11:51 Guard Tower
12:12 Arcane Vault
15:05 Town Hall
15:11 Scout Tower
15:12 Scout Tower
15:13 Scout Tower
15:15 Scout Tower
15:16 Scout Tower
15:24 Scout Tower
15:28 Scout Tower
15:29 Scout Tower
15:29 Scout Tower
15:32 Scout Tower
15:34 Scout Tower
15:36 Scout Tower
15:54 Scout Tower
15:55 Scout Tower
15:57 Scout Tower
16:01 Scout Tower
16:02 Scout Tower
16:12 Scout Tower
16:25 Guard Tower
16:28 Scout Tower
16:29 Scout Tower
17:06 Guard Tower
17:11 Town Hall
21:10 Scout Tower
21:11 Scout Tower
21:13 Scout Tower
21:14 Scout Tower
21:15 Scout Tower
21:22 Scout Tower
21:39 Guard Tower
21:40 Guard Tower
22:00 Guard Tower
22:06 Guard Tower
22:08 Scout Tower
22:09 Scout Tower
22:10 Scout Tower
22:12 Scout Tower
22:13 Scout Tower
23:36 Guard Tower
23:38 Scout Tower
23:39 Scout Tower
23:40 Scout Tower
23:41 Scout Tower
23:42 Scout Tower
24:15 Guard Tower
24:20 Town Hall
24:58 Scout Tower
24:59 Scout Tower
25:01 Scout Tower
25:04 Scout Tower
25:04 Scout Tower
25:05 Scout Tower
25:37 Scout Tower
25:37 Scout Tower
25:38 Scout Tower
25:40 Scout Tower
25:41 Scout Tower
25:43 Scout Tower
25:44 Scout Tower
25:45 Scout Tower
26:43 Guard Tower
26:52 Guard Tower
26:57 Guard Tower
27:01 Guard Tower
27:11 Scout Tower
27:11 Scout Tower
27:13 Scout Tower
27:14 Scout Tower
27:17 Scout Tower
27:17 Scout Tower
27:18 Scout Tower
27:19 Scout Tower
27:20 Scout Tower
27:22 Scout Tower
27:23 Scout Tower
27:24 Scout Tower
28:10 Guard Tower
28:12 Guard Tower
31:02 Scout Tower
31:03 Scout Tower
31:05 Scout Tower
31:07 Scout Tower
31:08 Scout Tower
31:09 Scout Tower
31:10 Scout Tower
31:10 Scout Tower
31:11 Scout Tower
31:12 Scout Tower
31:13 Scout Tower
31:13 Scout Tower
32:04 Guard Tower
32:12 Guard Tower
32:14 Scout Tower
32:14 Scout Tower
32:15 Scout Tower
32:32 Guard Tower
32:39 Scout Tower
32:41 Scout Tower
32:43 Guard Tower
32:45 Guard Tower
32:48 Guard Tower
32:49 Scout Tower
32:51 Scout Tower
32:51 Scout Tower
32:52 Scout Tower
32:54 Scout Tower
32:55 Scout Tower
32:58 Scout Tower
32:59 Scout Tower
33:02 Scout Tower
33:28 Guard Tower
33:33 Scout Tower
33:47 Guard Tower
33:51 Scout Tower
33:52 Scout Tower
33:59 Guard Tower
35:14 Guard Tower
41:09 Scout Tower
41:10 Scout Tower
41:12 Scout Tower
41:13 Scout Tower
41:15 Scout Tower
41:16 Scout Tower
41:46 Scout Tower
41:48 Scout Tower
41:49 Scout Tower
41:50 Scout Tower
41:51 Guard Tower
42:17 Arcane Tower
42:19 Arcane Tower
42:21 Arcane Tower
42:22 Arcane Tower
43:09 Farm
43:18 Farm
43:18 Farm
43:18 Farm
43:31 Gryphon Aviary
43:32 Gryphon Aviary
43:42 Workshop
43:43 Workshop
» items
| Scroll of Regeneration | 1 | |
| Lesser Clarity Potion | 3 | |
| Mana Stone | 1 | |
| Orb of Frost | 3 | |
| Gloves of Haste | 3 | |
| Circlet of Nobility | 1 | |
| Claws of Attack +15 | 1 | |
| Ring of Protection +5 | 2 | |
| Scroll of Town Portal | 1 | |
16 total
nonent (
pink | 81 APM | 3847 actions | 47:32)
9 Archmage
3 Blizzard
3 Brilliance Aura
1 Mass Teleport
2 Summon Water Elemental
» actions
| Assign group hotkey | 22 | |
| Basic commands | 12 | |
| Build / train | 128 | |
| Enter build submenu | 32 | |
| Enter hero's abilities submenu | 9 | |
| Give item / drop item | 9 | |
| Remove unit from queue | 5 | |
| Right click | 1499 | |
| Select / deselect | 364 | |
| Select group hotkey | 1496 | |
| Use ability | 271 | |
3847 total
» units
| Peasant | 20 | |
| Dragonhawk Rider | 18 | |
38 total
» upgrades
| Masonry | 3 | |
| Lumber Harvesting | 2 | |
| Swords | 3 | |
| Armor | 3 | |
| Cloud | 1 | |
12 total
» buildings
| Farm | 10 | |
| Altar of Kings | 1 | |
| Lumber Mill | 2 | |
| Arcane Vault | 2 | |
| Scout Tower | 105 | |
| Guard Tower | 30 | |
| Keep | 1 | |
| Gryphon Aviary | 2 | |
| Town Hall | 2 | |
| Castle | 1 | |
| Blacksmith | 1 | |
157 total
» build order
00:22 Farm
00:23 Farm
00:26 Farm
00:35 Altar of Kings
00:51 Lumber Mill
01:36 Arcane Vault
01:40 Scout Tower
01:42 Scout Tower
01:43 Scout Tower
01:44 Scout Tower
02:11 Guard Tower
02:24 Farm
02:25 Farm
02:28 Scout Tower
02:29 Scout Tower
02:42 Guard Tower
03:05 Guard Tower
03:57 Guard Tower
04:08 Keep
04:46 Scout Tower
04:46 Scout Tower
04:58 Scout Tower
04:58 Scout Tower
04:59 Scout Tower
05:01 Farm
05:02 Farm
05:02 Farm
05:40 Guard Tower
06:04 Guard Tower
06:05 Guard Tower
06:32 Scout Tower
06:33 Scout Tower
06:36 Farm
06:37 Farm
06:40 Guard Tower
06:43 Gryphon Aviary
06:56 Gryphon Aviary
07:14 Guard Tower
10:00 Town Hall
10:11 Scout Tower
10:11 Scout Tower
10:13 Scout Tower
10:13 Scout Tower
10:15 Scout Tower
10:16 Scout Tower
10:17 Scout Tower
10:18 Scout Tower
10:21 Scout Tower
10:21 Scout Tower
10:22 Scout Tower
10:23 Scout Tower
10:24 Scout Tower
10:25 Scout Tower
11:10 Guard Tower
11:32 Castle
12:21 Blacksmith
13:18 Guard Tower
13:30 Guard Tower
14:04 Scout Tower
14:04 Scout Tower
14:05 Scout Tower
14:06 Scout Tower
14:08 Scout Tower
14:09 Scout Tower
14:10 Scout Tower
14:11 Scout Tower
14:12 Scout Tower
14:13 Scout Tower
14:14 Scout Tower
14:16 Scout Tower
14:16 Scout Tower
14:17 Scout Tower
14:18 Scout Tower
14:18 Scout Tower
14:19 Scout Tower
14:21 Scout Tower
15:11 Guard Tower
15:38 Guard Tower
18:42 Guard Tower
18:45 Guard Tower
19:05 Guard Tower
19:59 Scout Tower
19:59 Scout Tower
20:00 Scout Tower
20:01 Scout Tower
20:10 Arcane Vault
21:38 Guard Tower
21:40 Scout Tower
21:41 Scout Tower
22:38 Scout Tower
22:39 Scout Tower
22:41 Scout Tower
22:41 Scout Tower
22:45 Guard Tower
22:53 Lumber Mill
23:09 Scout Tower
23:09 Scout Tower
23:10 Scout Tower
23:11 Scout Tower
23:12 Scout Tower
23:13 Scout Tower
23:14 Scout Tower
23:16 Scout Tower
23:17 Scout Tower
23:18 Scout Tower
23:19 Scout Tower
23:20 Scout Tower
23:21 Scout Tower
23:22 Scout Tower
23:23 Scout Tower
23:24 Scout Tower
23:25 Scout Tower
23:26 Scout Tower
23:28 Scout Tower
23:28 Scout Tower
23:30 Scout Tower
23:30 Scout Tower
23:32 Scout Tower
23:32 Scout Tower
23:34 Scout Tower
23:35 Scout Tower
23:36 Scout Tower
23:37 Scout Tower
23:38 Scout Tower
23:58 Guard Tower
24:12 Guard Tower
25:06 Guard Tower
26:32 Guard Tower
27:51 Guard Tower
31:51 Guard Tower
32:20 Town Hall
33:37 Scout Tower
33:38 Scout Tower
33:39 Scout Tower
33:40 Scout Tower
33:41 Scout Tower
33:42 Scout Tower
33:44 Scout Tower
33:44 Scout Tower
34:30 Guard Tower
34:36 Guard Tower
34:39 Scout Tower
34:40 Scout Tower
34:41 Scout Tower
35:37 Guard Tower
35:40 Scout Tower
35:41 Scout Tower
35:42 Scout Tower
35:42 Scout Tower
35:44 Scout Tower
35:45 Scout Tower
35:45 Scout Tower
35:46 Scout Tower
35:47 Scout Tower
35:49 Scout Tower
37:01 Guard Tower
38:25 Guard Tower
» items
| Scroll of Regeneration | 8 | |
| Mechanical Critter | 2 | |
| Potion of Healing | 9 | |
| Ivory Tower | 3 | |
| Scroll of Town Portal | 3 | |
| Staff of Sanctuary | 1 | |
| Claws of Attack +15 | 2 | |
| Kelen's Dagger of Escape | 1 | |
| Orb of Frost | 1 | |
| Potion of Greater Healing | 1 | |
31 total
paranoiddroid (
blue | 51 APM | 2404 actions | 47:32)
8 Blademaster
3 Wind Walk
3 Critical Strike
1 Bladestorm
1 Mirror Image
» actions
| Assign group hotkey | 10 | |
| Basic commands | 4 | |
| Build / train | 87 | |
| Enter build submenu | 32 | |
| Enter hero's abilities submenu | 9 | |
| Give item / drop item | 15 | |
| Right click | 1433 | |
| Select / deselect | 500 | |
| Select group hotkey | 101 | |
| Use ability | 206 | |
2404 total
» units
» upgrades
| Ranged Weapons | 3 | |
| Armor | 3 | |
| Liquid Fire | 1 | |
7 total
» buildings
| Altar of Storms | 1 | |
| Barracks | 1 | |
| Orc Burrow | 7 | |
| War Mill | 1 | |
| Voodoo Lounge | 3 | |
| Watch Tower | 16 | |
| Stronghold | 1 | |
| Fortress | 1 | |
| Beastiary | 3 | |
| Great Hall | 1 | |
35 total
» build order
00:08 Altar of Storms
00:12 Barracks
00:33 Orc Burrow
00:44 Orc Burrow
02:12 Orc Burrow
02:54 Orc Burrow
04:13 War Mill
04:30 Voodoo Lounge
05:35 Watch Tower
05:36 Watch Tower
05:37 Watch Tower
06:12 Stronghold
06:44 Watch Tower
06:48 Watch Tower
07:49 Watch Tower
07:53 Watch Tower
07:55 Watch Tower
08:36 Fortress
08:49 Beastiary
08:55 Beastiary
09:03 Beastiary
09:07 Watch Tower
09:10 Watch Tower
10:16 Watch Tower
10:29 Voodoo Lounge
11:16 Orc Burrow
11:18 Orc Burrow
11:33 Orc Burrow
11:59 Voodoo Lounge
13:08 Watch Tower
13:09 Watch Tower
13:11 Watch Tower
13:12 Watch Tower
13:14 Watch Tower
14:24 Great Hall
» items
| Healing Salve | 4 | |
| Lesser Clarity Potion | 1 | |
| Scroll of Speed | 1 | |
| Scroll of Regeneration | 1 | |
| Orb of Lightning | 1 | |
| Potion of Healing | 2 | |
| Claws of Attack +15 | 1 | |
11 total
Chat log
(00:58 / All) nonent: gl hf
(01:02 / All) nonent: micheal jackson is dead he died today of a heart attack
(01:13 / All) DwarvenSniper.: lol realy?
(01:15 / All) nonent: ya
(01:19 / All) paranoiddroid: we swear to fucking god
(01:22 / All) nonent: its on tmz cnn everywhere
(01:34 / All) paranoiddroid: leave the game and check
(01:35 / All) paranoiddroid: we swear
(01:42 / All) fineX: hes actuall y dead though no joke
(01:45 / All) DwarvenSniper.: i can alt tab...
(01:48 / All) diskii: oh well it wont affect my life
(01:54 / All) fineX: the man who took my but viringity
(01:55 / All) fineX: dead
(01:56 / All) paranoiddroid: okay then alt tab and just spend like 10 mins checking
(01:57 / All) paranoiddroid: do it
(02:07 / All) DwarvenSniper.: ok
(02:08 / All) DwarvenSniper.: brb
(02:20 / All) paranoiddroid: okay guys since they're gone now lets peon rush
(02:32 / All) fineX: u sed that in all u fuckin idiot
(02:43 / All) paranoiddroid: nigger its not like it matters
(02:45 / All) paranoiddroid: they arent there
(03:06 / All) Herbss: im back wiggers
(03:09 / All) paranoiddroid: fuck
(07:50 / All) DwarvenSniper.: crazy much?
(07:56 / All) fineX: crazy for u
(08:01 / All) DwarvenSniper.: wow
(08:17 / Allies) fineX: IM
(08:24 / Allies) paranoiddroid: a fag
(11:14 / All) Herbss: clear the mibnes
(11:17 / All) fineX: KK
(22:45 / Allies) fineX: fuckkkkkkkkkk
(31:33 / All) nonent: micheal jackson is dead he died today of a heart attack
(31:47 / All) diskii: fuck this game is so bullshit
(31:51 / All) fineX: your gay
(31:53 / All) DwarvenSniper.: wow to much tower
(31:56 / All) DwarvenSniper.: play normaly for once
(32:05 / All) paranoiddroid: never enough tower
(35:15 / All) fineX: cute
(35:19 / All) DwarvenSniper.: lol
(35:41 / All) paranoiddroid: TWO FUCKING HITS
(35:43 / All) paranoiddroid: I AM FUCKING PRO
(40:13 / All) DwarvenSniper.: wtf blue
(40:24 / All) fineX: hey dudes
(40:31 / All) paranoiddroid: I have a case of the proitis
(40:33 / All) paranoiddroid: its terminal
(40:36 / All) paranoiddroid: I'll be pro until i die
(46:52 / All) fineX: some call him
(46:54 / All) fineX: ....gyro
(47:26 / All) nonent: micheal jackson is dead he died today of a heart attack